Workbook

Sheet Working
A2: Initial Budget
A3: Budget Item | B3: January | C3: February | D3: March | E3: April | F3: May | G3: June | H3: July | I3: August | J3: September | K3: October | L3: November | M3: December | N3: Yearly Total
A4: Salary | B4: 4000 | C4: 4000 | D4: 4000 | E4: 4000 | F4: 4000 | G4: 4000 | H4: 4000 | I4: 4000 | J4: 4000 | K4: 4000 | L4: 4000 | M4: 4000 | N4: =SUM(B4:M4) -> 48000
A5: Rent | B5: 1200 | C5: 1200 | D5: 1200 | E5: 1200 | F5: 1200 | G5: 1200 | H5: 1200 | I5: 1200 | J5: 1200 | K5: 1200 | L5: 1200 | M5: 1200 | N5: =SUM(B5:M5) -> 14400
A6: Car | B6: 650 | C6: 650 | D6: 650 | E6: 650 | F6: 650 | G6: 650 | H6: 650 | I6: 650 | J6: 650 | K6: 650 | L6: 650 | M6: 650 | N6: =SUM(B6:M6) -> 7800
A7: Phone | B7: 95 | C7: 95 | D7: 95 | E7: 95 | F7: 95 | G7: 95 | H7: 95 | I7: 95 | J7: 95 | K7: 95 | L7: 95 | M7: 95 | N7: =SUM(B7:M7) -> 1140
A8: Health insurance | B8: 250 | C8: 250 | D8: 250 | E8: 250 | F8: 250 | G8: 250 | H8: 250 | I8: 250 | J8: 250 | K8: 250 | L8: 250 | M8: 250 | N8: =SUM(B8:M8) -> 3000
A9: Food | B9: 500 | C9: 500 | D9: 500 | E9: 500 | F9: 500 | G9: 500 | H9: 500 | I9: 500 | J9: 500 | K9: 500 | L9: 500 | M9: 500 | N9: =SUM(B9:M9) -> 6000
A10: Total | B10: =B4-SUM(B5:B9) -> 1305 | C10: =C4-SUM(C5:C9) -> 1305 | D10: =D4-SUM(D5:D9) -> 1305 | E10: =E4-SUM(E5:E9) -> 1305 | F10: =F4-SUM(F5:F9) -> 1305 | G10: =G4-SUM(G5:G9) -> 1305 | H10: =H4-SUM(H5:H9) -> 1305 | I10: =I4-SUM(I5:I9) -> 1305 | ... M10: =M4-SUM(M5:M9) -> 1305 | N10: =SUM(B10:M10) -> 15660
A12: Actual Budget
A13: Budget Item | B13: January | C13: February | D13: March | E13: April | F13: May | G13: June | H13: July | I13: August | J13: September | K13: October | L13: November | M13: December | N13: Yearly Total | O13: Extra (Short)
A14: Salary | B14: 4000 | C14: 4000 | D14: 4000 | E14: 4000 | F14: 4000 | G14: =F14*1.03 -> 4120 | H14: =G14 -> 4120 | I14: =H14 -> 4120 | J14: =I14 -> 4120 | K14: =J14+500 -> 4620 | L14: =J14 -> 4120 | M14: =L14 -> 4120 | N14: =SUM(B14:M14) -> 49340 | O14: =N14-N4 -> 1340
A15: Rent | B15: =1200 -> 1200 | C15: =1200 -> 1200 | D15: =1200 -> 1200 | E15: =1200 -> 1200 | F15: =1200 -> 1200 | G15: =1200 -> 1200 | H15: =1200 -> 1200 | I15: =1200 -> 1200 | ... K15: =1200 -> 1200 | L15: =K15*1.05 -> 1260 | M15: =L15 -> 1260 | N15: =SUM(B15:M15) -> 14520 | O15: =N5-N15 -> -120
A16: Car | B16: =650 -> 650 | C16: =650 -> 650 | D16: =C16+750 -> 1400 | E16: =650 -> 650 | F16: =650 -> 650 | G16: =650 -> 650 | H16: =650 -> 650 | I16: =H16+125 -> 775 | J16: =650 -> 650 | K16: =650 -> 650 | L16: =650 -> 650 | M16: =650 -> 650 | N16: =SUM(B16:M16) -> 8675 | O16: =N6-N16 -> -875
A17: Phone | B17: 95 | C17: 95 | D17: 95 | E17: =D17+25 -> 120 | F17: 95 | G17: 95 | H17: 95 | I17: =H17+25 -> 120 | J17: 95 | K17: 95 | L17: 95 | M17: =L17+25 -> 120 | N17: =SUM(B17:M17) -> 1215 | O17: =N7-N17 -> -75
A18: Health insurance | B18: =250 -> 250 | C18: =250 -> 250 | D18: =250 -> 250 | E18: =250 -> 250 | F18: =250 -> 250 | G18: =250 -> 250 | H18: =250 -> 250 | I18: =250 -> 250 | ... M18: =250 -> 250 | N18: =SUM(B18:M18) -> 3000 | O18: =N8-N18 -> 0
A19: Food | B19: 500 | C19: 650 | D19: 450 | E19: 500 | F19: 500 | G19: 540 | H19: 450 | I19: 560 | J19: 600 | K19: 700 | L19: 560 | M19: 500 | N19: =SUM(B19:M19) -> 6510 | O19: =N9-N19 -> -510
A20: Total | B20: =B14-SUM(B15:B19) -> 1305 | C20: =C14-SUM(C15:C19) -> 1155 | D20: =D14-SUM(D15:D19) -> 605 | E20: =E14-SUM(E15:E19) -> 1280 | F20: =F14-SUM(F15:F19) -> 1305 | G20: =G14-SUM(G15:G19) -> 1385 | H20: =H14-SUM(H15:H19) -> 1475 | I20: =I14-SUM(I15:I19) -> 1215 | ... N20: =N14-SUM(N15:N19) -> 15420 | O20: =O14+SUM(O15:O19) -> -240

Sheet Final Answer
A1: Budget spreadsheet
B2: Budget | C2: Actual (YTD) | D2: Difference
A3: Income | F3: January | G3: February | H3: March | I3: April | J3: May | K3: June | L3: July | M3: August | N3: September | O3: October | P3: November | Q3: December
A4: Salary | B4: =Working!B4*12 -> 48000 | C4: =SUM(F4:Q4) -> 48840 | D4: =C4-B4 -> 840 | F4: 4000 | G4: 4000 | H4: 4000 | I4: 4000 | J4: 4000 | K4: =J4*1.03 -> 4120 | L4: =K4 -> 4120 | M4: =L4 -> 4120 | N4: =M4 -> 4120 | O4: =N4 -> 4120 | P4: =N4 -> 4120 | Q4: =P4 -> 4120
A5: Other | B5: 0 | C5: =SUM(F5:Q5) -> 500 | D5: =C5-B5 -> 500 | F5: 0 | G5: 0 | H5: 0 | I5: 0 | J5: 0 | K5: 0 | L5: 0 | M5: 0 | N5: 0 | O5: 500 | P5: 0 | Q5: 0
A6: Total | B6: =SUM(B4:B5) -> 48000 | C6: =SUM(F6:Q6) -> 49340 | D6: =C6-B6 -> 1340 | F6: =SUM(F4:F5) -> 4000 | G6: =SUM(G4:G5) -> 4000 | H6: =SUM(H4:H5) -> 4000 | I6: =SUM(I4:I5) -> 4000 | J6: =SUM(J4:J5) -> 4000 | K6: =SUM(K4:K5) -> 4120 | L6: =SUM(L4:L5) -> 4120 | M6: =SUM(M4:M5) -> 4120 | ... Q6: =SUM(Q4:Q5) -> 4120
A8: Expenses
A9: Rent | B9: =Working!B5*12 -> 14400 | C9: =SUM(F9:Q9) -> 14520 | D9: =B9-C9 -> -120 | F9: =1200 -> 1200 | G9: =1200 -> 1200 | H9: =1200 -> 1200 | I9: =1200 -> 1200 | J9: =1200 -> 1200 | K9: =1200 -> 1200 | L9: =1200 -> 1200 | M9: =1200 -> 1200 | ... O9: =1200 -> 1200 | P9: =O9*1.05 -> 1260 | Q9: =P9 -> 1260
A10: Car | B10: =Working!B6*12 -> 7800 | C10: =SUM(F10:Q10) -> 8550 | D10: =B10-C10 -> -750 | F10: =650 -> 650 | G10: =650 -> 650 | H10: =G10+750 -> 1400 | I10: =650 -> 650 | J10: =650 -> 650 | K10: =650 -> 650 | L10: =650 -> 650 | M10: =L10 -> 650 | N10: =650 -> 650 | O10: =650 -> 650 | P10: =650 -> 650 | Q10: =650 -> 650
A11: Phone | B11: =Working!B7*12 -> 1140 | C11: =SUM(F11:Q11) -> 1215 | D11: =B11-C11 -> -75 | F11: 95 | G11: 95 | H11: 95 | I11: =H11+25 -> 120 | J11: 95 | K11: 95 | L11: 95 | M11: =L11+25 -> 120 | N11: 95 | O11: 95 | P11: 95 | Q11: =P11+25 -> 120
A12: Healthcare | B12: =Working!B8*12 -> 3000 | C12: =SUM(F12:Q12) -> 3000 | D12: =B12-C12 -> 0 | F12: =250 -> 250 | G12: =250 -> 250 | H12: =250 -> 250 | I12: =250 -> 250 | J12: =250 -> 250 | K12: =250 -> 250 | L12: =250 -> 250 | M12: =250 -> 250 | ... Q12: =250 -> 250
A13: Food | B13: =Working!B9*12 -> 6000 | C13: =SUM(F13:Q13) -> 6323 | D13: =B13-C13 -> -323 | F13: 515 | G13: 487 | H13: 475 | I13: 495 | J13: 575 | K13: 435 | L13: 415 | M13: 525 | N13: 450 | O13: 575 | P13: 627 | Q13: 749
A14: Other | B14: 0 | C14: =SUM(F14:Q14) -> 125 | D14: =B14-C14 -> -125 | F14: 0 | G14: 0 | H14: 0 | I14: 0 | J14: 0 | K14: 0 | L14: 0 | M14: 125 | N14: 0 | O14: 0 | P14: 0 | Q14: 0
A15: Total | B15: =SUM(B9:B14) -> 32340 | C15: =SUM(F15:Q15) -> 33733 | D15: =B15-C15 -> -1393 | F15: =SUM(F9:F14) -> 2710 | G15: =SUM(G9:G14) -> 2682 | H15: =SUM(H9:H14) -> 3420 | I15: =SUM(I9:I14) -> 2715 | J15: =SUM(J9:J14) -> 2770 | K15: =SUM(K9:K14) -> 2630 | L15: =SUM(L9:L14) -> 2610 | M15: =SUM(M9:M14) -> 2870 | ... Q15: =SUM(Q9:Q14) -> 3029
A17: Net | B17: =B6-B15 -> 15660 | C17: =C6-C15 -> 15607 | D17: =B17-C17 -> 53
A19: Short/Extra | C19: Short of $ 53
